Map: Lerilak Crest

Players

Ryberg

  • Race: Terran Terran
  • League: Gold

capac - Winner!

  • Race: Terran Terran
  • League: Gold

VOD

Have the link to the VOD?

Description

Time

  • Played on: March 5, 2016, 4:49 p.m.
  • Length: 22:37
Show
View Real Time Build Order
Export as new Build Order

Ryberg Terran 

Build Orders:  

Get SALT Encoding   

  12  0:01  SCV  
  13  0:16  Supply Depot  
  13  0:23  Refinery  
  13  0:26  SCV  
  14  0:42  Barracks  
  14  0:47  SCV  
  15  1:05  Barracks  
  15  1:09  SCV  
  16  1:30  Barracks  
  16  1:34  Reaper  
  17  1:42  Supply Depot  
  17  1:52  Reaper  
  18  2:03  Barracks  
  18  2:11  Reaper  
  19  2:20  Reaper  
  20  2:24  Reaper  
  20  2:25  Refinery  
  21  2:39  Orbital Command  
  21  2:51  Reaper  
  22  2:58  Reaper  
  22  2:59  Supply Depot  
  23  3:07  Reaper  
  23  3:34  Reaper x2  
  23  3:35  Reaper  
  25  3:47  Reaper  
  25  4:06  Reaper  
  24  4:18  Reaper x2  
  26  4:33  Reaper  
  26  4:38  Reaper  
  21  4:55  Factory  
  21  5:00  Command Center  
  21  5:16  Barracks Reactor  
  21  5:17  Barracks Reactor  
  21  5:18  Barracks Tech Lab  
  21  5:21  Barracks Reactor  
  21  5:25  SCV  
  22  5:42  Starport  
  20  5:56  Factory Tech Lab  
  17  5:58  Marine x2  
  17  5:59  Marine x3  
  22  6:09  Engineering Bay  
  22  6:23  Siege Tank  
  22  6:25  Medivac  
  27  6:37  Marine, Missile Turret  
  28  6:42  SCV  
  28  6:46  SCV  
  30  6:50  Marine  
  31  6:55  Marine  
  32  7:05  Siege Tank  
  32  7:07  Marine  
  36  7:09  SCV  
  36  7:13  Marine  
  38  7:17  SCV  
  38  7:20  Marine  
  40  7:28  Planetary Fortress  
  40  7:31  Marine  
  40  7:33  Marine  
  42  7:37  Marine  
  34  8:05  Marine x2  
  34  8:06  Marine x3  
  34  8:07  Siege Tank  
  42  8:12  Refinery  
  42  8:13  SCV  
  42  8:14  Refinery  
  43  8:20  Medivac  
  43  8:25  SCV  
  46  8:35  SCV  
  46  8:37  SCV  
  48  8:48  SCV  
  49  8:50  SCV, Medivac  
  49  8:54  Marine  
  53  8:55  Marine  
  54  9:12  Terran Infantry Weapons Level 1  
  54  9:18  Engineering Bay  
  54  9:20  Supply Depot  
  54  9:41  Marine x2  
  54  9:42  SCV x2  
  54  9:44  Siege Tank  
  61  9:47  Marine  
  62  9:56  Supply Depot  
  62  10:17  Marine, SCV, Medivac  
  66  10:27  Siege Tank  
  62  10:43  Marine x4  
  62  10:45  Marine  
  62  10:49  Medivac  
  45  11:17  Siege Tank  
  38  11:49  Siege Tank  
  27  12:22  Marine x2  
  27  12:35  Siege Tank  
  31  12:40  Marine  
  32  12:46  Orbital Command  
  31  12:51  Barracks Tech Lab  
  31  12:54  Terran Infantry Armor Level 1  
  31  12:58  Marine  
  32  13:02  SCV  
  33  13:09  Starport  
  33  13:14  SCV, Missile Turret  
  33  13:16  Marine  
  35  13:23  SCV  
  35  13:26  SCV  
  37  13:35  SCV  
  37  13:36  Missile Turret  
  38  13:46  Starport Reactor  
  38  13:49  Missile Turret  
  38  13:55  Stimpack  
  38  13:58  Barracks Tech Lab  
  38  14:12  Missile Turret  
  38  14:13  SCV  
  38  14:14  SCV  
  40  14:24  Medivac x2  
  40  14:25  SCV  
  40  14:26  SCV  
  40  14:30  Combat Shields  
  46  14:40  Supply Depot  
  46  15:01  SCV  
  47  15:13  SCV  
  48  15:15  Marine x2  
  50  15:25  SCV  
  51  15:32  Marine  
  51  15:33  Marine  
  48  16:09  Supply Depot  
  48  16:10  Supply Depot  
  42  16:30  Marine x2, Siege Tank  
  47  16:47  Liberator  
  47  16:48  Marine x2  
  49  17:01  Supply Depot  
  49  17:02  Siege Tank  
  49  17:07  Barracks  
  55  17:08  Marine x2  
  41  17:34  Siege Tank, Missile Turret  
  41  17:37  Missile Turret  
  42  17:47  Barracks Reactor  
  42  17:51  Barracks Reactor  
  42  17:57  Liberator  
  42  18:01  Barracks Reactor  
  42  18:06  SCV  
  42  18:09  Starport  
  43  18:18  SCV  
  47  18:37  Marine, Sensor Tower  
  47  18:38  Marine x2  
  50  18:43  Marine  
  50  18:47  Sensor Tower  
  51  18:50  Starport Reactor  
  34  19:24  Siege Tank  
  34  19:25  Marine x4  
  38  20:18  Marine x2  
  38  20:19  Siege Tank  
  43  20:29  Sensor Tower  
  43  20:31  Marine x2  
  45  20:53  Marine x4  
  49  21:35  Command Center  
  49  21:39  Marine x2  
  51  21:51  Viking  
Show
View Real Time Build Order
Export as new Build Order

capac Terran - Winner!

Build Orders:  

Get SALT Encoding   

  12  0:02  SCV  
  13  0:14  SCV  
  13  0:19  Supply Depot  
  14  0:26  SCV  
  15  0:41  SCV  
  16  0:43  Barracks  
  16  0:48  Refinery  
  16  0:55  SCV  
  17  1:07  SCV  
  18  1:19  SCV  
  19  1:31  SCV  
  20  1:33  Barracks Reactor  
  20  1:39  Command Center  
  20  1:59  Orbital Command  
  20  2:08  Supply Depot  
  20  2:12  Marine x2  
  20  2:15  Factory  
  21  2:30  Marine x2  
  22  2:48  Marine x2  
  24  2:58  Factory Tech Lab  
  24  3:14  SCV  
  23  3:23  Marine x2  
  23  3:24  Siege Tank  
  21  3:55  Marine x2  
  22  4:13  Marine x2  
  24  4:26  Siege Tank  
  26  4:31  Marine x2  
  22  4:49  Marine x2  
  22  4:51  SCV  
  24  5:03  SCV  
  25  5:11  Marine x2  
  27  5:15  SCV  
  27  5:17  Refinery  
  28  5:26  Orbital Command  
  28  5:33  SCV  
  29  5:39  Marine  
  28  5:43  Marine  
  28  5:47  SCV  
  30  5:57  Marine  
  30  5:59  SCV  
  32  6:04  Starport  
  32  6:08  SCV  
  33  6:11  SCV  
  33  6:14  Siege Tank  
  37  6:21  SCV  
  37  6:23  SCV  
  37  6:25  Marine x2  
  41  6:33  SCV  
  41  6:36  SCV  
  43  6:43  Marine x2  
  43  6:45  Starport Reactor  
  43  6:46  Barracks, Command Center  
  45  6:55  SCV x2  
  45  7:01  Supply Depot  
  47  7:02  Siege Tank  
  47  7:05  Marine x2  
  47  7:07  SCV  
  53  7:09  SCV  
  54  7:15  Refinery  
  54  7:23  Medivac  
  54  7:24  Medivac  
  54  7:26  SCV  
  54  7:27  SCV  
  60  7:32  Supply Depot  
  60  7:35  Barracks Tech Lab  
  53  8:10  Siege Tank, Medivac  
  58  8:13  Marine, SCV x2  
  58  8:17  Refinery  
  61  8:25  SCV x2  
  63  8:37  SCV  
  63  8:38  SCV  
  63  8:39  Marine x2  
  63  8:40  Marine  
  68  8:49  Orbital Command  
  68  8:50  SCV x2  
  68  8:54  Medivac  
  68  8:55  Medivac  
  74  8:56  Marine  
  74  8:58  Marine x2  
  74  9:02  SCV x2  
  79  9:09  Engineering Bay  
  79  9:14  Marine, SCV x2  
  82  9:17  Siege Tank  
  85  9:32  Supply Depot  
  85  9:48  Missile Turret  
  85  9:49  Missile Turret  
  85  9:54  SCV x3  
  88  10:01  Marine  
  88  10:02  Marine x2  
  90  10:17  Missile Turret  
  90  10:19  Marine x2  
  78  11:15  Marine x3  
  78  11:16  SCV  
  78  11:17  SCV  
  81  11:29  SCV x2  
  83  11:33  Marine  
  84  11:40  Stimpack  
  84  11:41  SCV x2  
  86  11:52  Missile Turret  
  86  11:53  SCV x2  
  87  12:05  SCV  
  84  12:20  Orbital Command  
  84  12:23  Marine x3  
  84  12:24  Siege Tank  
  85  12:45  Missile Turret  
  85  12:48  SCV  
  86  12:55  Barracks  
  86  12:56  Barracks x2, Siege Tank  
  89  12:58  Factory  
  89  13:02  SCV x2  
  91  13:13  Missile Turret  
  91  13:15  Marine x2  
  93  13:32  Marine x2  
  93  13:33  Medivac x2  
  99  13:34  Supply Depot x2  
  99  13:35  Supply Depot  
  99  13:37  Refinery  
  99  13:39  Refinery  
  99  13:43  Missile Turret  
  99  13:45  Missile Turret  
  99  13:49  Factory Tech Lab  
  99  13:50  Starport, Barracks Reactor x2  
  99  13:51  Barracks Reactor  
  99  14:00  SCV x3  
  102  14:05  Medivac x2  
  104  14:11  Siege Tank x2  
  110  14:21  Supply Depot x2  
  110  14:25  SCV x3  
  110  14:27  Command Center  
  110  14:28  Marine x3  
  110  14:30  Marine x4  
  110  14:31  Marine x2  
  121  14:36  Medivac x2  
  126  14:39  Medivac  
  128  14:45  Marine  
  128  14:46  Marine x2  
  128  14:48  Marine x5  
  128  14:49  Marine  
  137  15:03  Marine  
  137  15:04  Marine x2  
  137  15:06  Marine x4  
  144  15:09  SCV x2  
  144  15:10  SCV  
  144  15:12  Medivac  
  144  15:13  Starport Reactor  
  149  15:25  Supply Depot  
  149  15:26  Supply Depot, Siege Tank x2, SCV, Medivac  
  127  16:51  Marine x4  
  127  16:52  Marine x3  
  118  17:29  Orbital Command  
  118  17:45  Marine x2  
  118  17:46  Marine x6  
  118  17:47  Marine  
  118  17:48  Siege Tank  
  130  18:03  Marine x2  
  126  18:20  Siege Tank  
  129  18:47  Command Center  
  129  18:52  Siege Tank  
  86  19:16  Viking  
  86  19:17  Viking x3  
  84  19:19  Marine x4  
  84  19:20  Marine x5  
  84  19:23  Factory Tech Lab  
  97  19:37  Marine x4  
  97  19:38  Marine x5  
  106  19:46  Viking  
  106  19:47  Viking x3  
  113  19:55  Marine x3  
  113  19:57  Marine x2  
  113  19:58  Marine x4  
  121  20:04  Siege Tank x2  
  127  20:10  Refinery  
  127  20:11  Refinery  
  127  20:12  Marine  
  127  20:13  Marine x2  
  130  20:14  Orbital Command  
  130  20:15  Marine x3  
  130  20:16  Marine x3  
  136  20:30  Marine  
  136  20:31  Marine x2  
  136  20:33  Marine x4  
  136  20:34  Marine  
  144  20:37  Marine  
  145  20:44  Command Center  
  145  20:48  Marine x3  
  148  20:51  Marine x2  
  150  21:02  Marine x3  
  150  21:03  Marine  
  154  21:06  Marine x3  
  154  21:09  Marine x2  
  159  21:20  Marine x4  
  159  21:24  Marine x3  
Tags
 
League
GoldGold
Matchup
TvT
Race
Terran
Add a new tag
Caveats
  • Supply blocks, unpowered buildings, or Contaminate may cause inaccurate times.
  • Supply counts are checked every 10 seconds.